 Dungeon Crawl Stone Soup version 0.22-a0-305-gd21a89c (webtiles) character file.

311 xccam the Chopper (level 6, 0/70 HPs)
             Began as a Formicid Fighter on Mar 30, 2018.
             Succumbed to Ijyb's poison
             ... on level 3 of the Dungeon.
             The game lasted 00:05:32 (2051 turns).

xccam the Chopper (Formicid Fighter)                Turns: 2051, Time: 00:05:32

Health: 0/70       AC: 23    Str: 19 (22) XL:     6   Next: 70%
Magic:  6/6        EV:  2    Int:  7 (8)  God:
Gold:   51         SH:  9    Dex: 13 (15) Spells: 5/5 levels left

rFire    . . .     SeeInvis .   a - +0 war axe
rCold    . . .     Gourm    .   c - +0 shield
rNeg     + + +     Faith    .   (armour currently unavailable)
rPois    +         Spirit   .   (helmet unavailable)
rElec    .         Reflect  .   (cloak currently unavailable)
rCorr    .         Harm     .   (gloves currently unavailable)
MR       .....                  (boots currently unavailable)
Stlth    ++........             (no amulet)
HPRegen  0.21/turn              (no ring)
MPRegen  0.10/turn              (no ring)

@: agile, lethally poisoned (0 -> -9), tree-form
A: permanent stasis, dig shafts and tunnels, four strong arms
a: no special abilities


You were on level 3 of the Dungeon.
You were not hungry.
You were a tree.
You visited 1 branch of the dungeon, and saw 3 of its levels.

You collected 51 gold pieces.

Inventory:

Hand Weapons
 a - a +0 war axe (weapon)
Armour
 b - a +0 scale mail (melded)
 c - a +0 shield (worn)
Scrolls
 d - a scroll of amnesia {unknown}
 e - 2 scrolls of enchant weapon {unknown}
 g - 2 scrolls of teleportation {unknown}
 h - 2 scrolls of random uselessness {unknown}
 i - 2 scrolls of fog {unknown}
 l - a scroll of fear {unknown}
 n - 2 scrolls of identify {unknown}
Potions
 m - a potion of agility
 o - a potion of lignification
Comestibles
 f - 5 rations
 k - 3 chunks of flesh


   Skills:
 - Level 3.2 Fighting
 + Level 6.6 Axes
 - Level 3.2 Armour
 - Level 3.6 Shields


You had 5 spell levels left.
You didn't know any spells.

Dungeon Overview and Level Annotations

Branches:
Dungeon (3/15)

Altars:
Qazlal


Innate Abilities, Weirdness & Mutations

You cannot be hasted, slowed, berserked, paralysed or teleported.
You can dig through walls and to a lower floor.
Your four strong arms can wield two-handed weapons with a shield.
((You have a pair of large antennae on your head. (SInv)))


Message History

You feel sick.
There is a lethal amount of poison in your body!
There is a lethal amount of poison in your body!
There is a lethal amount of poison in your body!
There is a lethal amount of poison in your body!
* * * LOW HITPOINT WARNING * * *
You feel sick.
* * * LOW HITPOINT WARNING * * *
You feel sick.
* * * LOW HITPOINT WARNING * * *
You feel sick.
* * * LOW HITPOINT WARNING * * *
You feel sick.
* * * LOW HITPOINT WARNING * * *
You feel sick.
* * * LOW HITPOINT WARNING * * *
You feel sick.
* * * LOW HITPOINT WARNING * * *
You feel sick.
You die...

##+###
###......
#†)......
#♣# #. #.#
..#######.#
.....#...#
#..[...##
###......#
..#......#
#.#......#
#.#......#


There were no monsters in sight!

Vanquished Creatures
  Sigmund (D:2)
  Ijyb (D:3)
  A worker ant (D:2)
  4 adders
  An ooze (D:3)
  A worm (D:3)
  3 dart slugs (D:1)
  An orc (D:3)
  4 giant cockroaches (D:3)
  6 goblins
  2 hobgoblins
  12 jackals (D:3)
  9 kobolds
  A ball python (D:3)
  6 bats
  5 frilled lizards
58 creatures vanquished.

Notes
Turn   | Place    | Note
-------+----------+-------------------------------------------
     0 | D:1      | xccam the Formicid Fighter began the quest for the Orb.
     0 | D:1      | Reached XP level 1. HP: 18/18 MP: 1/1
     3 | D:1      | Noticed an electric eel
     3 | D:1      | Noticed an electric eel
   210 | D:1      | Reached XP level 2. HP: 24/24 MP: 2/2
   268 | D:1      | Reached skill level 3 in Axes
   821 | D:2      | Noticed Sigmund
   841 | D:2      | Killed Sigmund
   841 | D:2      | Reached skill level 5 in Axes
   841 | D:2      | Reached XP level 3. HP: 5/29 MP: 3/3
   841 | D:2      | Reached XP level 4. HP: 7/35 MP: 4/4
   841 | D:2      | Reached XP level 5. HP: 8/41 MP: 5/5
  1277 | D:2      | Reached XP level 6. HP: 46/47 MP: 6/6
  1390 | D:2      | Reached skill level 6 in Axes
  1547 | D:2      | Found a stormy altar of Qazlal.
  1898 | D:3      | Found a faded altar of an unknown god.
  2015 | D:3      | Noticed Ijyb
  2040 | D:3      | Killed Ijyb
  2048 | D:3      | HP: 3/70 [poisoned by Ijyb]
  2049 | D:3      | HP: 1/70 [poisoned by Ijyb]
  2051 | D:3      | Succumbed to Ijyb's poison

Vault maps used:
D:1:      arrival_aquarium_b
D:2:      grunt_qazlal_sundering, uniq_sigmund
D:3:      lemuel_coloured_pillars_altar, chequers_ecumenical_altar_island,
          uniq_ijyb

Skill      XL: |  1  2  3  4  5  6 |
---------------+-------------------+-----
Axes           | 5 6 |  6.6
Fighting       | |  3.2
Armour         | |  3.2
Shields        | |  3.6

Action                   |  1- 3 |  4- 6 || total
-------------------------+-------+-------++-------
Melee: War axe           |    46 |   152 ||   198
  Use: Potion            |     1 |     4 ||     5
  Eat: Chunk             |       |     4 ||     4
Armor: Scale mail        |    15 |    73 ||    88
Dodge: Dodged            |    18 |    50 ||    68
Block: Shield            |    17 |    86 ||   103

Table legend:
 A = Spawn XP
 B = Non-spawn XP
 C = Spawn XP percentage of total XP
 D = Spawn monster count
 E = Non-spawn monster count
 F = Spawn count percentage of total count
 G = Total turns spent on level
                    A         B        C        D         E        F      G
               +---------+---------+-------+---------+---------+-------+---------
         Total |       0 |     445 |   0.0 |       0 |      58 |   0.0 |  2051
               +---------+---------+-------+---------+---------+-------+---------
           D:1 |       0 |      28 |   0.0 |       0 |      15 |   0.0 |   763
           D:2 |       0 |     307 |   0.0 |       0 |      13 |   0.0 |   901
           D:3 |       0 |     110 |   0.0 |       0 |      30 |   0.0 |   387
               +---------+---------+-------+---------+---------+-------+---------
